 Dungeon Crawl Stone Soup version 0.31.0-12-g77e489cdc1 (webtiles) character file.

Game seed: 6829714248179419624

2579 YoStephie the Spear-Bearer (level 9, -3/74 HPs)
             Began as a Gnoll Chaos Knight on Feb 12, 2024.
             Was a Plaything of Xom.
             Slain by a yak (7 damage)
             ... on level 8 of the Dungeon.
             The game lasted 00:22:00 (6550 turns).

YoStephie the Spear-Bearer (Gnoll Chaos Knight)     Turns: 6550, Time: 00:22:00

Health: -3/74      AC: 11    Str: 16    XL:     9   Next: 58%
Magic:  15/15      EV: 17    Int: 12    God:    Xom [*.....]
Gold:   401        SH:  5    Dex: 11    Spells: 17/17 levels left

rFire   . . .        u - +4 flail (holy)
rCold   + . .        m - +0 buckler
rNeg    . . .        t - +5 ring mail {rC+}
rPois   .            (no helmet)
rElec   .            (no cloak)
rCorr   .            (no gloves)
SInv    .            (no boots)
Will    ++...        (no amulet)
Stlth   ++           e - +5 ring of evasion
HPRegen 0.32/turn    h - ring of willpower
MPRegen 0.14/turn

%: no passive effects
@: no status effects
A: fangs 1, strong nose, distributed training, talons 1, strong-willed 1
a: Renounce Religion


You were on level 8 of the Dungeon.
You worshipped Xom.
You were a special plaything of Xom.
You visited 1 branch of the dungeon, and saw 8 of its levels.

You collected 401 gold pieces.

Inventory:

Hand Weapons
 a - a +1 spear of chaos
 r - a +2 antimagic spear
 u - a +4 flail of holy wrath (weapon)
 C - the +4 sling of Bauraar {antimagic, rCorr Stlth+}
   (You found it on level 6 of the Dungeon)

   rCorr:     It protects you from acid and corrosion.
   Stlth+:    It makes you more stealthy.
Missiles
 g - 4 poisoned darts (quivered)
 x - a throwing net
Armour
 b - a +2 leather armour
 m - a +0 buckler (worn)
 t - a +5 ring mail of cold resistance (worn)
Jewellery
 d - an amulet of guardian spirit
 e - a +5 ring of evasion (left hand)
 h - a ring of willpower (right hand)
 j - the ring "Mosugrer" {rCorr MP+9 Str-4 Dex+6}
   (Xom gifted it to you on level 2 of the Dungeon)

   [ring of magical power]

   Str-4:     It affects your strength (-4).
   Dex+6:     It affects your dexterity (+6).
   MP+9:      It affects your magic capacity (+9).
   rCorr:     It protects you from acid and corrosion.
 l - a ring of magical power
 s - a ring of willpower
 D - a ring of ice
Wands
 n - a wand of flame (45)
 p - a wand of roots (33)
 y - a wand of mindburst (10)
Scrolls
 c - a scroll of butterflies
 f - 5 scrolls of identify
 q - a scroll of enchant armour
 v - a scroll of silence {unknown}
 F - a scroll of amnesia
Potions
 i - a potion of brilliance
 k - 2 potions of haste {unknown}
 o - a potion of lignification {unknown}
 w - 5 potions of curing {unknown}
 z - a potion of might {unknown}
 B - 2 potions of ambrosia {unknown}
 E - a potion of degeneration {unknown}
 G - a potion of mutation {unknown}


   Skills:
 + Level 8.0 Fighting
 + Level 4.5 Short Blades
 + Level 4.5 Long Blades
 + Level 4.5 Axes
 + Level 4.5 Maces & Flails
 + Level 8.0 Polearms
 + Level 4.5 Staves
 + Level 4.5 Ranged Weapons
 + Level 4.5 Throwing
 + Level 6.5 Armour
 + Level 5.3 Dodging
 + Level 4.5 Stealth
 + Level 4.5 Shields
 + Level 4.5 Unarmed Combat
 + Level 4.5 Spellcasting
 + Level 3.7 Conjurations
 + Level 3.7 Hexes
 + Level 3.7 Summonings
 + Level 3.7 Necromancy
 + Level 3.7 Translocations
 + Level 3.7 Fire Magic
 + Level 3.7 Ice Magic
 + Level 3.7 Air Magic
 + Level 3.7 Earth Magic
 + Level 3.7 Alchemy
 + Level 5.0 Invocations
 + Level 4.5 Evocations
 + Level 4.1 Shapeshifting


You had 17 spell levels left.
You didn't know any spells.
Your spell library contained the following spells:

 Spells                   Type           Power      Damage    Failure   Level
 Slow                     Hex            44%        N/A       11%         1
 Ensorcelled Hibernation  Hex/Ice        22%        N/A       16%         2
 Confusing Touch          Hex            11%        N/A       30%         3
 Hailstorm                Conj/Ice       11%        3d6       30%         3
 Passwall                 Erth           11%        N/A       30%         3
 Sigil of Binding         Hex            11%        N/A       30%         3
 Summon Ice Beast         Ice/Summ       11%        N/A       30%         3
 Swiftness                Air            11%        N/A       30%         3
 Tukima's Dance           Hex            11%        N/A       30%         3
 Vampiric Draining        Necr           11%        2d6       30%         3
 Passage of Golubria      Tloc           11%        N/A       71%         4
 Summon Forest            Summ/Tloc      5%         N/A       96%         5
 Yara's Violent Unravell  Hex/Alch       5%         3d4       96%         5
 Eringya's Noxious Bog    Alch           5%         4d6       100%        6
 Sculpt Simulacrum        Ice/Alch       5%         N/A       100%        6
 Summon Hydra             Summ           5%         N/A       100%        7


Dungeon Overview and Level Annotations

Branches:
Dungeon (8/15)             Temple (0/1) D:5            Lair (0/5) D:8

Altars:
Ashenzari
Cheibriados
Elyvilon
Nemelex Xobeh
Trog
Uskayaw
Vehumet
Xom

Shops:
D:4 *

Annotations:
D:2 1 runed translucent door, Crazy Yiuf
D:6 1 runed translucent door, TheBioAlchemist's ghost, amateur SpEn


Innate Abilities, Weirdness & Mutations

You have very sharp teeth.
Your uncanny sense of smell can sniff out nearby items.
Your experience applies equally to all skills.
You have sharp toenails.
You are strong-willed. (Will+)


Message History

"This might be better!"
The yak seems to speed up.
A yak comes into view.
The yak bellows!
You hit the yak. You claw the yak! You bite the yak, but do no damage.
The yak is moderately wounded.
You block the yak's attack.
You sock the yak! Your kick misses the yak.
The yak is moderately wounded.
Xom's attention almost turns to you for a moment.
Your eyebrows wriggle.
The yak barely misses you. The yak gores you! x2
The yak gores you.
You hit the yak. You claw the yak, but do no damage.
The yak is moderately wounded.
The yak gores you. The yak gores you!
You hit the yak but do no damage.
The yak is moderately wounded.
The yak gores you. x2; The yak gores you but does no damage.
The yak snorts and paws the ground.
The yak completely misses you. You block the yak's attack. The yak gores you.
The yak completely misses you. x2
You hit the yak.
The yak is moderately wounded.
Xom's attention almost turns to you for a moment.
Your eyebrows briefly feel incredibly bushy.
The yak gores you!
* * * LOW HITPOINT WARNING * * *
The yak gores you.
* * * LOW HITPOINT WARNING * * *
Okay, then.
Okay, then.
The yak attacks as it pursues you! The yak gores you!
* * * LOW HITPOINT WARNING * * *
The yak snorts and paws the ground.
The yak gores you but does no damage. The yak misses you. The yak gores you!
You die...
Xom laughs nastily!

##..## ##...# .†...# .....#
#...P....... .....## ........♣..
......### #....(.k.P>
........########### #...P......
..................### #?.P.......
................@...####.........
........######...YYY...#.........
....##### ########......P....P
...## ######.....P. ..## #####...
.## #. ## #


You could see 3 yaks.

Vanquished Creatures
  Prince Ribbit (D:5)
  A steam dragon (D:7)
  2 water moccasins
  An ice beast (D:6)
  A sky beast (D:7)
  3 black bears
  A centaur (D:6)
  A phantom (D:5)
  2 bullfrogs
  A gnoll sergeant (D:5)
  2 scorpions
  4 wights (D:6)
  5 killer bees (D:8)
  A howler monkey (D:4)
  3 hounds (D:5)
  2 sleepcaps
  5 iguanas
  Ijyb (D:5)
  Terence (D:2)
  An orc wizard (D:7)
  6 gnolls
  5 adders
  2 shadow imps
  2 white imps
  2 ufetubi (D:5)
  2 ribbon worms
  4 dart slugs
  16 orcs
  6 endoplasms
  5 giant cockroaches
  13 goblins
  2 hobgoblins (D:1)
  2 jackals (D:3)
  A quokka (D:1)
  8 ball pythons
  8 bats
  3 frilled lizards
  A jackal zombie (D:3)
  9 kobolds
  8 rats
144 creatures vanquished.

Vanquished Creatures (collateral kills)
  An ogre (D:6)
1 creature vanquished.

Vanquished Creatures (others)
  An orc (D:7)
  A kobold zombie (D:1)
2 creatures vanquished.

Grand Total: 147 creatures vanquished

Notes
Turn   | Place    | Note
-------+----------+-------------------------------------------
     0 | D:1      | YoStephie the Gnoll Chaos Knight began the quest for the
                  | Orb.
     0 | D:1      | Reached XP level 1. HP: 23/23 MP: 1/1
   156 | D:1      | Reached XP level 2. HP: 29/29 MP: 2/2
   301 | D:1      | XOM: silly message
   302 | D:1      | Reached XP level 3. HP: 35/35 MP: 3/3
   322 | D:1      | XOM: silly message
   492 | D:1      | XOM: divination: magic mapping
   609 | D:1      | Reached skill level 1 in Invocations
   630 | D:1      | XOM: cast spell 'Summon Small Mammal'
   724 | D:2      | XOM: god gift: 33 gold pieces
   924 | D:2      | Noticed Terence
   959 | D:2      | Killed Terence
   960 | D:2      | Reached skill level 1 in Short Blades
   960 | D:2      | Reached skill level 1 in Long Blades
   960 | D:2      | Reached skill level 1 in Axes
   960 | D:2      | Reached skill level 1 in Maces & Flails
   960 | D:2      | Reached skill level 1 in Staves
   960 | D:2      | Reached skill level 1 in Ranged Weapons
   960 | D:2      | Reached skill level 1 in Throwing
   960 | D:2      | Reached skill level 1 in Stealth
   960 | D:2      | Reached skill level 1 in Shields
   960 | D:2      | Reached skill level 1 in Unarmed Combat
   960 | D:2      | Reached skill level 1 in Spellcasting
   960 | D:2      | Reached skill level 1 in Evocations
   960 | D:2      | Reached skill level 1 in Shapeshifting
   960 | D:2      | Reached XP level 4. HP: 36/41 MP: 5/5
  1070 | D:2      | XOM: scenery: create altars
  1129 | D:2      | Identified the ring "Mosugrer" {rCorr MP+9 Str-4 Dex+6}
                  | (Xom gifted it to you on level 2 of the Dungeon)
  1129 | D:2      | XOM: god gift: ring "Mosugrer" {rCorr MP+9 Str-4 Dex+6}
  1224 | D:2      | Found a runed translucent door.
  1225 | D:2      | Noticed Crazy Yiuf
  1412 | D:2      | Reached skill level 1 in Conjurations
  1412 | D:2      | Reached skill level 1 in Hexes
  1412 | D:2      | Reached skill level 1 in Summonings
  1412 | D:2      | Reached skill level 1 in Necromancy
  1412 | D:2      | Reached skill level 1 in Translocations
  1412 | D:2      | Reached skill level 1 in Fire Magic
  1412 | D:2      | Reached skill level 1 in Ice Magic
  1412 | D:2      | Reached skill level 1 in Air Magic
  1412 | D:2      | Reached skill level 1 in Earth Magic
  1412 | D:2      | Reached skill level 1 in Alchemy
  1464 | D:2      | XOM: scenery: summon butterflies
  1598 | D:2      | XOM: divination: magic mapping
  1714 | D:3      | XOM: smoke on damage
  1936 | D:3      | XOM: 4-stop teleportation journey
  2085 | D:3      | Reached XP level 5. HP: 47/47 MP: 7/7
  2190 | D:3      | Found a radiant altar of Vehumet.
  2486 | D:3      | XOM: torment (25/47 hp)
  2599 | D:4      | Found a broken altar of Ashenzari.
  2878 | D:4      | XOM: give mutation
  2878 | D:4      | Gained mutation: You are strong-willed. (Will+) [Xom's
                  | grace]
  2945 | D:4      | Found Dionaesu's CLEARANCE SALE!.
  2983 | D:4      | XOM: noise
  3098 | D:4      | XOM: cloud trail
  3121 | D:4      | XOM: fake destruction
  3214 | D:5      | Entered Level 5 of the Dungeon
  3239 | D:5      | XOM: noise
  3321 | D:5      | Found a sparkling altar of Nemelex Xobeh.
  3350 | D:5      | Found a hide-covered altar of Uskayaw.
  3350 | D:5      | Found a bloodstained altar of Trog.
  3367 | D:5      | Reached XP level 6. HP: 49/53 MP: 8/8
  3391 | D:5      | Reached skill level 5 in Armour
  3397 | D:5      | Noticed Blork the orc
  3405 | D:5      | Blork the orc changed into Blork the dart slug
  3405 | D:5      | Noticed Blork
  3405 | D:5      | XOM: polymorph Blork the orc -> Blork the dart slug
  3410 | D:5      | Killed Blork the dart slug
  3546 | D:5      | Noticed Ijyb
  3553 | D:5      | Killed Ijyb
  3558 | D:5      | XOM: give mutations
  3558 | D:5      | Gained mutation: Your mind is acute. (Int +4, Str/Dex -1)
                  | [Xom's mischief]
  3558 | D:5      | Gained mutation: You have hidden genetic potential. [Xom's
                  | mischief]
  3563 | D:5      | Reached XP level 7. HP: 40/60 MP: 10/10
  3925 | D:5      | Found a staircase to the Ecumenical Temple.
  3968 | D:5      | Found a snail-covered altar of Cheibriados.
  4076 | D:5      | Gained mutation: Your muscles are strong. (Str +4, Int/Dex
                  | -1) [hidden potential]
  4140 | D:5      | Noticed Prince Ribbit
  4149 | D:5      | Killed Prince Ribbit
  4255 | D:5      | XOM: god gift: green potion {god gift}
  4310 | D:6      | Reached XP level 8. HP: 63/67 MP: 12/12
  4315 | D:6      | XOM: scenery: create altars
  4432 | D:6      | Gained mutation: You have sharp toenails. [hidden
                  | potential]
  4432 | D:6      | Lost mutation: You have hidden genetic potential. [hidden
                  | potential expressed]
  4457 | D:6      | Identified the +4 sling of Bauraar {antimagic, rCorr
                  | Stlth+}
  4477 | D:6      | XOM: silly message
  4681 | D:6      | XOM: summons 3 hostile demons
  4707 | D:6      | Found a glowing drain.
  4869 | D:6      | XOM: summons friendly ufetubus
  4910 | D:6      | Found a white marble altar of Elyvilon.
  5055 | D:6      | Found a runed translucent door.
  5061 | D:6      | Noticed TheBioAlchemist's ghost (amateur SpEn)
  5306 | D:6      | XOM: cloud trail
  5332 | D:7      | XOM: enchant monster (good)
  5337 | D:6      | XOM: confuse monster(s)
  5350 | D:6      | Reached XP level 9. HP: 69/73 MP: 5/15
  5374 | D:7      | XOM: 4-stop teleportation journey
  5407 | D:7      | XOM: silly message
  5598 | D:7      | Reached skill level 5 in Dodging
  5699 | D:7      | XOM: butterfly on damage
  5712 | D:7      | XOM: god gift: scroll of amnesia
  5928 | D:7      | XOM: silly message
  6231 | D:8      | Reached skill level 5 in Invocations
  6328 | D:8      | XOM: give mutations
  6328 | D:8      | Lost mutation: Your mind is acute. (Int +4, Str/Dex -1)
                  | [Xom's mischief]
  6328 | D:8      | Lost mutation: Your muscles are strong. (Str +4, Int/Dex
                  | -1) [Xom's mischief]
  6530 | D:8      | Found a staircase to the Lair.
  6534 | D:8      | XOM: enchant monster (bad)
  6539 | D:8      | XOM: silly message
  6545 | D:8      | XOM: silly message
  6546 | D:8      | HP: 3/74 [yak (12)]
  6550 | D:8      | Slain by a yak

Illustrated notes

Levels and vault maps discovered:
D:1:      spicycebolla_arrival_clurvy, layout_loops_cross,
          dreamdust_mushroom_princess
D:2:      layout_basic, serial_forest, infiniplex_forest_pool,
          infiniplex_forest_clump_long, infiniplex_forest_straight_4,
          infiniplex_forest_straight_1, infiniplex_forest_clump_small,
          uniq_crazy_yiuf_cottage, uniq_terence
D:3:      layout_loops_corners, mainiacjoe_overflow_alcove_2,
          nicolae_yredelemnul_corpse_copse, minmay_goblin_outpost
D:4:      layout_gridville, cheibrodos_ashenzari_chains, nicolae_shop_clearance
D:5:      nicolae_cairo_tiling_large_dashed, layout_gridville,
          nemelex_xobeh_ov_fountains_minmay, gammafunk_temple_overflow_wave,
          general_overflow_altar, kennysheep_cross_bottleneck, uniq_ijyb,
          uniq_blork_the_orc, uniq_prince_ribbit1
D:6:      layout_loops_ring, elyvilon_altar_1, ebering_ghost_sewer_d,
          portal_sewer_entry_b, chequers_ossuary_entry_cave
D:7:      layout_basic, columned_hall_lemuel, uniq_menkaure
D:8:      layout_layer_cave, regret_index_xom_buried_treasure,
          minmay_lair_entry_grove

Skill      XL: |  1  2  3  4  5  6  7  8  9 |
---------------+----------------------------+-----
Invocations    | 1 2 3 4 5 |  5.0
Short Blades   | 1 2 3 4 |  4.5
Long Blades    | 1 2 3 4 |  4.5
Axes           | 1 2 3 4 |  4.5
Maces & Flails | 1 2 3 4 |  4.5
Staves         | 1 2 3 4 |  4.5
Ranged Weapons | 1 2 3 4 |  4.5
Throwing       | 1 2 3 4 |  4.5
Stealth        | 1 2 3 4 |  4.5
Shields        | 1 2 3 4 |  4.5
Unarmed Combat | 1 2 3 4 |  4.5
Spellcasting   | 1 2 3 4 |  4.5
Evocations     | 1 2 3 4 |  4.5
Shapeshifting  | 1 2 3 4 |  4.1
Conjurations   | 1 2 3 |  3.7
Hexes          | 1 2 3 |  3.7
Summonings     | 1 2 3 |  3.7
Necromancy     | 1 2 3 |  3.7
Translocations | 1 2 3 |  3.7
Fire Magic     | 1 2 3 |  3.7
Ice Magic      | 1 2 3 |  3.7
Air Magic      | 1 2 3 |  3.7
Earth Magic    | 1 2 3 |  3.7
Alchemy        | 1 2 3 |  3.7
Dodging        | 3 4 5 |  5.3
Armour         | 5 6 |  6.5
Fighting       | 7 8 |  8.0
Polearms       | 7 8 |  8.0

Action                     |  1- 3 |  4- 6 |  7- 9 || total
---------------------------+-------+-------+-------++-------
  Melee: Spear             |   129 |   194 |    18 ||   341
         Bite              |     5 |    20 |    28 ||    53
         Punch             |     1 |       |       ||     1
         Flail             |       |    23 |   202 ||   225
         Kick              |       |       |    50 ||    50
  Evoke: Wand              |       |       |     2 ||     2
    Use: Potion            |     1 |     3 |     3 ||     7
         Scroll            |       |     6 |     7 ||    13
   Stab: Sleeping          |     1 |     4 |       ||     5
         Distracted        |     1 |       |       ||     1
 Armour: Leather armour    |    35 |    12 |       ||    47
         Ring mail         |       |    54 |   177 ||   231
  Dodge: Dodged            |    68 |   118 |   241 ||   427
  Block: Buckler           |       |    19 |    57 ||    76
